 Dungeon Crawl Stone Soup version 0.24-a0-208-g17bec22d17 (webtiles) character file.

Game seed: 18323657260278899622

27 Redear the Sneak (level 2, -3/11 HPs)
             Began as a Felid Enchanter on Mar 29, 2019.
             Slain by a goblin
             ... wielding a +0 dagger
              (4 damage)
             ... on level 2 of the Dungeon.
             The game lasted 00:06:09 (1261 turns).

Redear the Sneak (Felid Enchanter)                  Turns: 1261, Time: 00:06:10

Health: -3/11      AC:  4    Str:  4    XL:     2   Next: 93%
Magic:  1/6        EV: 18    Int: 18    God:
Gold:   55         SH:  0    Dex: 16    Spells: 2/5 levels left
                                        Lives:  0   Deaths: 0

rFire    . . .     SeeInvis +     - Unarmed
rCold    . . .     Gourm    .   (shield unavailable)
rNeg     . . .     Faith    .   (armour unavailable)
rPois    .         Spirit   .   (helmet unavailable)
rElec    .         Reflect  .   (cloak unavailable)
rCorr    .         Harm     .   (gloves unavailable)
MR       .....                  (boots unavailable)
Stlth    +++.......             (no amulet)
HPRegen  0.03/turn              d - +2 ring of intelligence
MPRegen  0.10/turn              c - +3 ring of protection

@: lethally poisoned (-3 -> -12), very slightly contaminated, quick
A: very small, no armour, no weapons or thrown items, stealth, claws 1, fangs 3,
see invisible, carnivore, speed 1, shaggy fur 1, slow metabolism 1, sharp paws
a: no special abilities


You were on level 2 of the Dungeon.
You were not hungry.

You visited 1 branch of the dungeon, and saw 2 of its levels.

You collected 55 gold pieces.

Inventory:

Jewellery
 c - a +3 ring of protection (right paw)
 d - a +2 ring of intelligence (left paw)
 I - an uncursed ring of protection from cold
Scrolls
 a - 2 scrolls of identify {unknown}
 f - a scroll of fog {unknown}
 g - a scroll of teleportation {unknown}
Comestibles
 b - 2 rations


   Skills:
 - Level 0.1 Fighting
 - Level 2.7 Dodging
 + Level 4.8 Stealth
 + Level 2.0 Unarmed Combat
 - Level 2.0 Spellcasting
 - Level 4.4 Hexes
 + Level 0.4 Ice Magic


You had 2 spell levels left.
You knew the following spells:

 Your Spells              Type           Power        Failure   Level  Hunger
a - Ensorcelled Hibernat  Hex/Ice        ##....       10%         2    ###....
v - Corona                Hex            ###....      3%          1    #......

Your spell library contained the following spells:

 Spells                   Type           Power        Failure   Level  Hunger
 Confuse                  Hex            ###.....     9%          3    ###....
 Tukima's Dance           Hex            ###.....     9%          3    ###....
 Dazzling Spray           Conj/Hex       #.....       22%         3    ###....


Dungeon Overview and Level Annotations

Branches:
Dungeon (2/15)

Altars:
Okawaru

Annotations:
D:2 Natasha


Innate Abilities, Weirdness & Mutations

You cannot wear armour.
You are incapable of wielding weapons or throwing items.
Your paws allow you to move quietly. (Stealth)
You have sharp claws.
You have razor-sharp teeth.
You have supernaturally acute eyesight. (SInv)
You are carnivorous and can eat meat at any time.
You cover ground quickly.
You are covered in fur. (AC +1)
You have a slow metabolism.
Your sharp claws are effective at attacking unaware monsters.


Message History

You miscast Ensorcelled Hibernation.
Nothing appears to happen.
* * * LOW MAGIC WARNING * * *
The adder completely misses you.
You now have 1/6 mp.
You don't have enough magic to cast that spell.
Unknown command.
* * * LOW HITPOINT WARNING * * *
You feel sick. The adder bites you but does no damage.
You take 1 damage, and have 4/11 hp.
The adder misses you. The goblin closely misses you. The adder bites you.
* * * LOW HITPOINT WARNING * * *
The goblin hits you but does no damage. The adder bites you.
* * * LOW HITPOINT WARNING * * *
You are more poisoned.
The adder poisons you!
* * * LOW HITPOINT WARNING * * *
You feel sick. The goblin hits you with a +0 dagger.
You die...

.######........#.. .# .#
#........# . ..# .#
##.......# .. .#
##......####.#### .#
######.......... .#
###.###### . #.# .
#.######### #.####...
....#.....## ##@.......
...........####Sg...#...
...........l†Kgl#####
..........Kg#####
............#
............#
............#
............#
...........##


You could see an adder, 2 goblins, a kobold and a frilled lizard.

Levels and vault maps discovered:
D:1:      lemuel_arrival_tunnels, layout_loops_ring
D:2:      minmay_door_path, layout_rooms, lemuel_doored_altar,
          old_standard_altar, uniq_crazy_yiuf_cottage, uniq_natasha,
          uniq_jessica

Notes
Turn   | Place    | Note
-------+----------+-------------------------------------------
     0 | D:1      | Redear the Felid Enchanter began the quest for the Orb.
     0 | D:1      | Reached XP level 1. HP: 7/7 MP: 4/4
    88 | D:1      | Identified a +0 club
   228 | D:1      | Identified a +0 club
   249 | D:1      | Identified a ring of intelligence (You found it on level 1
                  | of the Dungeon)
   250 | D:1      | Identified a ring of protection from cold (You found it on
                  | level 1 of the Dungeon)
   270 | D:1      | Identified a +0 club
   276 | D:1      | Reached XP level 2. HP: 7/11 MP: 6/6
   582 | D:1      | Identified a ring of protection (You found it on level 1 of
                  | the Dungeon)
   641 | D:2      | Found an iron altar of Okawaru.
   810 | D:2      | Identified a +0 club
  1054 | D:2      | Noticed Natasha
  1080 | D:1      | Learned a level 2 spell: Ensorcelled Hibernation
  1221 | D:2      | Reached skill level 2 in Unarmed Combat
  1228 | D:2      | Identified a +0 club
  1230 | D:2      | Identified a +0 dagger
  1233 | D:2      | Identified a +0 whip
  1251 | D:2      | Identified a potion of cancellation
  1252 | D:2      | Identified a potion of heal wounds
  1260 | D:2      | HP: 2/11 [adder (1)]
  1261 | D:2      | Slain by a goblin

Table legend:
 A = Turns spent in this place as a percentage of turns spent in the entire game.
 B = Non-inter-level travel turns spent in this place as a percentage of non-inter-level travel turns spent in the entire game.
 C = Inter-level travel turns spent in this place as a percentage of turns spent in this place.
 D = Turns resting spent in this place as a percentage of non-inter-level travel turns spent in this place.
 E = Turns spent auto-exploring this place as a percentage of non-inter-level travel turns spent in this place.
 F = Non-inter-level travel turns spent in this place divided by the number of levels of this place that you've seen.
                   A       B       C       D       E      F
               +-------+-------+-------+-------+-------+----------------------
         Total | 100.0 | 100.0 |  12.8 |  23.6 |  49.7 | 549.5
       Dungeon | 100.0 | 100.0 |  12.8 |  23.6 |  49.7 | 549.5
               +-------+-------+-------+-------+-------+----------------------

Table legend:
 A = Kills in this place as a percentage of kills in entire the game.
 B = Kills by you in this place as a percentage of kills by you in the entire game.
 C = Kills by friends in this place as a percentage of kills by friends in the entire game.
 D = Other kills in this place as a percentage of other kills in the entire game.
 E = Experience gained in this place as a percentage of experience gained in the entire game.
 F = Experience gained in this place divided by the number of levels of this place that you have seen.
                   A       B       C       D       E      F
               +-------+-------+-------+-------+-------+----------------------
         Total | 100.0 | 100.0 |   N/A |   N/A | 100.0 |  19.5
       Dungeon | 100.0 | 100.0 |   N/A |   N/A | 100.0 |  19.5
               +-------+-------+-------+-------+-------+----------------------

Skill      XL: |  1  2 |
---------------+-------+-----
Unarmed Combat | 2 |  2.0
Fighting       | |  0.1
Dodging        | |  2.7
Stealth        | |  4.8
Spellcasting   | |  2.0
Hexes          | |  4.4
Ice Magic      | |  0.4

Action                   || total
-------------------------++-------
Melee: Unarmed           ||    64
       Bite              ||     4
       Punch             ||     1
 Cast: Ensorcelled Hiber ||     4
       Corona            ||     3
  Use: Potion            ||     2
 Stab: Sleeping          ||     7
Armor: Skin              ||    10
Dodge: Dodged            ||    66

Vanquished Creatures
  An adder (D:2)
  A leopard gecko (D:1)
  2 giant cockroaches
  2 hobgoblins
  2 kobolds (D:1)
  A quokka (D:2)
  3 bats
  3 frilled lizards
  A goblin (D:1)
  A rat (D:1)
17 creatures vanquished.
